 Dungeon Crawl Stone Soup version 0.30.0-5-g1a98f26d00 (webtiles) character file.

Game seed: 693881322585962261

1416 retardedninja the Firebug (level 8, -6/59 HPs)
             Began as a Gnoll Fire Elementalist on May 11, 2023.
             Was an Initiate of Cheibriados.
             Mangled by an orc warrior
             ... wielding a +0 short sword
              (12 damage)
             ... on level 5 of the Dungeon.
             The game lasted 00:09:17 (7096 turns).

retardedninja the Firebug (Gnoll Fire Elementalist) Turns: 7096, Time: 00:09:17

Health: -6/59      AC:  3    Str:  9    XL:     8   Next: 71%
Magic:  10/17      EV: 14    Int: 18    God:    Cheibriados [......]
Gold:   308        SH:  0    Dex: 13    Spells: 9/19 levels left

rFire   . . .        p - +0 spear
rCold   . . .        (no shield)
rNeg    . . .        a - +0 robe
rPois   .            g - +0 helmet
rElec   .            (no cloak)
rCorr   .            (no gloves)
SInv    .            (no boots)
Will    .....        r - amulet of magic regeneration
Stlth   +++          (no ring)
HPRegen 0.29/turn    (no ring)
MPRegen 0.55/turn

%: no passive effects
@: very slow
A: fangs 1, strong nose, distributed training
a: Renounce Religion


You were on level 5 of the Dungeon.
You worshipped Cheibriados.
Cheibriados was noncommittal.
You visited 2 branches of the dungeon, and saw 7 of its levels.

You collected 308 gold pieces.

Inventory:

Hand Weapons
 p - a +0 spear (weapon)
Missiles
 t - a throwing net
Armour
 a - a +0 robe (worn)
 g - a +0 helmet (worn)
 q - a +0 pair of gloves
Jewellery
 r - an amulet of magic regeneration (around neck)
 s - a ring of poison resistance
 v - a ring of ice
Scrolls
 d - 2 scrolls of teleportation
 f - a scroll of identify
 i - 3 scrolls of fear {unknown}
 k - a scroll of summoning {unknown}
 m - 5 scrolls of poison {unknown}
 n - 2 scrolls of enchant weapon {unknown}
 o - 2 scrolls of magic mapping {unknown}
 u - a scroll of enchant armour {unknown}
Potions
 b - 2 potions of magic
 c - a potion of ambrosia {unknown}
 e - a potion of might
 l - a potion of cancellation {unknown}


   Skills:
 + Level 3.6 Fighting
 + Level 3.6 Short Blades
 + Level 3.6 Long Blades
 + Level 3.6 Axes
 + Level 3.6 Maces & Flails
 + Level 3.6 Polearms
 + Level 3.6 Staves
 + Level 3.6 Ranged Weapons
 + Level 3.6 Throwing
 + Level 3.6 Armour
 + Level 5.9 Dodging
 + Level 5.6 Stealth
 + Level 3.6 Shields
 + Level 3.6 Unarmed Combat
 + Level 6.2 Spellcasting
 + Level 3.7 Conjurations
 + Level 3.0 Hexes
 + Level 3.0 Summonings
 + Level 3.0 Necromancy
 + Level 3.0 Translocations
 + Level 3.0 Transmutations
 + Level 6.3 Fire Magic
 + Level 3.0 Ice Magic
 + Level 3.0 Air Magic
 + Level 3.0 Earth Magic
 + Level 3.0 Poison Magic
 + Level 4.0 Invocations
 + Level 3.6 Evocations


You had 9 spell levels left.
You knew the following spells:

 Your Spells              Type           Power      Damage    Failure   Level
a - Foxfire               Conj/Fire      92%        2x1d8     1%          1
b - Scorch                Fire           56%        2d7       1%          2
c - Flame Wave            Conj/Fire      23%        2d8       14%         4
d - Inner Flame           Hex/Fire       22%        N/A       5%          3

Your spell library contained the following spells:

 Spells                   Type           Power      Damage    Failure   Level
 Ensorcelled Hibernation  Hex/Ice        32%        N/A       4%          2
 Volatile Blastmotes      Fire/Tloc      44%        2d13      5%          3
 Spider Form              Tmut/Pois      16%        N/A       10%         3
 Anguish                  Hex/Necr       8%         N/A       32%         4


Dungeon Overview and Level Annotations

Branches:
Dungeon (6/15)             Temple (1/1) D:5

Altars:
Ashenzari
Cheibriados
Dithmenos
Elyvilon
Fedhas
Gozag
Hepliaklqana
Kikubaaqudgha
Makhleb
Nemelex Xobeh
Qazlal
Ru
Trog
Uskayaw
Vehumet
Wu Jian
Xom
Yredelemnul
Zin
The Shining One

Annotations:
D:6 Pikel


Innate Abilities, Weirdness & Mutations

You have very sharp teeth.
Your uncanny sense of smell can sniff out nearby items.
Your experience applies equally to all skills.


Message History

There is a stone staircase leading up here.
The orc warrior hits you with a +0 short sword.
* * * LOW HITPOINT WARNING * * *
You climb upwards.
There is a stone staircase leading down, spattered with blood here.
You feel better. The orc warrior barely misses you.
Casting: Scorch (safe; 1% risk of failure)
Confirm with . or Enter, or press ? or * to list all spells.
Flames lash the orc warrior.
The orc warrior is moderately wounded.
The orc warrior's fire resistance burns away.
The orc warrior hits you with a +0 short sword!
* * * LOW HITPOINT WARNING * * *
You feel better.
The orc warrior hits you with a +0 short sword!
* * * LOW HITPOINT WARNING * * *
Casting: Scorch (safe; 1% risk of failure)
Confirm with . or Enter, or press ? or * to list all spells.
Flames lash the orc warrior.
The orc warrior is burned terribly!
The orc warrior is heavily wounded.
The orc warrior hits you with a +0 short sword.
* * * LOW HITPOINT WARNING * * *
You feel better.
The orc warrior hits you with a +0 short sword!
* * * LOW HITPOINT WARNING * * *
Okay, then.
Casting: Scorch (safe; 1% risk of failure)
Confirm with . or Enter, or press ? or * to list all spells.
Flames lash the orc warrior but do no damage.
The orc warrior barely misses you.
Casting: Scorch (safe; 1% risk of failure)
Confirm with . or Enter, or press ? or * to list all spells.
Flames lash the orc warrior but do no damage.
The orc warrior completely misses you.
Casting: Scorch (safe; 1% risk of failure)
Confirm with . or Enter, or press ? or * to list all spells.
Flames lash the orc warrior.
The orc warrior is burned terribly!
The orc warrior is severely wounded.
The orc warrior hits you with a +0 short sword!
You die...

######## #######
##).....# #.....#
..[.....# #<###.#
...)....# #.###.#
........##########
#.#<..#
.........).....รท@#
#.....#
..)#############o#
###....## ...# #.#
#.......# ...## #.#
#.#..#..## ....###
#.#######.#......#
......#
#......##.#....###
......#
#.####.##.#..###
......# #.#
#.......# ......#
#.# ####....#


You could see an orc warrior (combustible).

Vanquished Creatures
  Prince Ribbit (D:5)
  A yak (D:5)
  A steam dragon (D:5)
  Duvessa (D:6)
  A water moccasin (D:4)
  A centaur (D:5)
  A phantom (D:5)
  A scorpion (D:4)
  Dowan (D:6)
  A howler monkey (D:5)
  A jelly (D:4)
  4 hounds (D:4)
  A gnoll bouda (D:5)
  An iguana (D:5)
  An orc wizard (D:5)
  Ijyb (D:4)
  Robin (D:4)
  2 adders
  8 gnolls (D:5)
  A worm (D:2)
  A dart slug (D:3)
  9 orcs
  7 bats
  6 endoplasms
  15 goblins
  9 hobgoblins
  2 jackals
  A quokka (D:4)
  8 ball pythons
  4 frilled lizards (D:3)
  8 kobolds
  2 rats
103 creatures vanquished.

Vanquished Creatures (collateral kills)
  2 foxfires (D:3)
2 creatures vanquished.

Vanquished Creatures (others)
  329 foxfires
329 creatures vanquished.

Grand Total: 434 creatures vanquished

Notes
Turn   | Place    | Note
-------+----------+-------------------------------------------
     0 | D:1      | retardedninja the Gnoll Fire Elementalist began the quest
                  | for the Orb.
     0 | D:1      | Reached XP level 1. HP: 13/13 MP: 6/6
   574 | D:1      | Reached XP level 2. HP: 19/19 MP: 5/7
  1657 | D:2      | Found an ancient bone altar of Kikubaaqudgha.
  1667 | D:2      | Reached skill level 5 in Spellcasting
  1667 | D:2      | Reached XP level 3. HP: 25/25 MP: 6/9
  2504 | D:3      | Reached skill level 1 in Invocations
  3035 | D:3      | Reached skill level 1 in Fighting
  3035 | D:3      | Reached skill level 1 in Short Blades
  3035 | D:3      | Reached skill level 1 in Long Blades
  3035 | D:3      | Reached skill level 1 in Axes
  3035 | D:3      | Reached skill level 1 in Maces & Flails
  3035 | D:3      | Reached skill level 1 in Polearms
  3035 | D:3      | Reached skill level 1 in Staves
  3035 | D:3      | Reached skill level 1 in Ranged Weapons
  3035 | D:3      | Reached skill level 1 in Throwing
  3035 | D:3      | Reached skill level 1 in Armour
  3035 | D:3      | Reached skill level 1 in Shields
  3035 | D:3      | Reached skill level 1 in Unarmed Combat
  3035 | D:3      | Reached skill level 1 in Evocations
  3330 | D:3      | Learned a level 2 spell: Scorch
  3331 | D:3      | Reached XP level 4. HP: 32/32 MP: 6/11
  3592 | D:3      | Found a faded altar of an unknown god.
  3734 | D:4      | Reached skill level 1 in Hexes
  3734 | D:4      | Reached skill level 1 in Summonings
  3734 | D:4      | Reached skill level 1 in Necromancy
  3734 | D:4      | Reached skill level 1 in Translocations
  3734 | D:4      | Reached skill level 1 in Transmutations
  3734 | D:4      | Reached skill level 1 in Ice Magic
  3734 | D:4      | Reached skill level 1 in Air Magic
  3734 | D:4      | Reached skill level 1 in Earth Magic
  3734 | D:4      | Reached skill level 1 in Poison Magic
  4143 | D:4      | Noticed Ijyb
  4156 | D:4      | Reached XP level 5. HP: 22/37 MP: 3/12
  4159 | D:4      | Killed Ijyb
  4280 | D:4      | Reached XP level 6. HP: 36/44 MP: 3/14
  4441 | D:4      | Noticed a water moccasin
  4453 | D:4      | Killed a water moccasin
  4454 | D:4      | Reached skill level 5 in Dodging
  4545 | D:4      | Noticed Robin
  4553 | D:4      | Killed Robin
  4656 | D:4      | Reached XP level 7. HP: 51/51 MP: 15/15
  4816 | D:5      | Entered Level 5 of the Dungeon
  4922 | D:5      | Reached skill level 5 in Stealth
  5486 | D:5      | Found a staircase to the Ecumenical Temple.
  5530 | Temple   | Entered the Ecumenical Temple
  5830 | Temple   | Became a worshipper of Cheibriados the Contemplative
  6108 | D:5      | Noticed a yak
  6468 | D:5      | Killed a yak
  6469 | D:5      | Reached XP level 8. HP: 58/58 MP: 6/16
  6578 | D:5      | Learned a level 4 spell: Flame Wave
  6582 | D:5      | Learned a level 3 spell: Inner Flame
  6603 | D:6      | Noticed Duvessa
  6609 | D:6      | Noticed Dowan
  6616 | D:6      | Killed Duvessa
  6617 | D:6      | Noticed Prince Ribbit
  6851 | D:5      | Killed Prince Ribbit
  6913 | D:6      | Killed Dowan
  7032 | D:6      | Noticed Pikel
  7096 | D:5      | Mangled by an orc warrior

Illustrated notes

Levels and vault maps discovered:
D:1:      onia_arrival_pentagram, layout_loops_ring, serial_co_window_serial,
          co_window_paths_b, co_window_corner_a, co_window_paths_a,
          co_window_corner_a, co_window_of_opportunity_a, co_window_corner_b,
          co_window_corner_cb, co_window_corner_b, co_window_2corner,
          co_window_broadway_c, co_window_corner_cb, glass_columns_b,
          glass_columns_a, glass_columns_c, glass_columns_c, glass_columns_b
D:2:      layout_basic, basic_altar
D:3:      minmay_inner_zag, layout_loops_ring,
          dreamdust_ecumenical_altar_hidden_monk_grotto
D:4:      layout_basic, amcnicky_mini_rare_corridor_liquid, uniq_ijyb,
          uniq_robin
D:5:      layout_basic, minmay_temple_entry_hall, minmay_small_thing
D:6:      layout_loops_ring, mainiacjoe_overflow_tiny_flanked,
          uniq_blork_the_orc, uniq_pikel, uniq_edmund, uniq_duvessa,
          uniq_prince_ribbit1
Temple:   mainiacjoe_temple_cubbyholes

Skill      XL: |  1  2  3  4  5  6  7  8 |
---------------+-------------------------+-----
Conjurations   | 2 3 |  3.7
Spellcasting   | 5 6 |  6.2
Invocations    | 1 2 3 4 |  4.0
Fighting       | 1 2 3 |  3.6
Short Blades   | 1 2 3 |  3.6
Long Blades    | 1 2 3 |  3.6
Axes           | 1 2 3 |  3.6
Maces & Flails | 1 2 3 |  3.6
Polearms       | 1 2 3 |  3.6
Staves         | 1 2 3 |  3.6
Ranged Weapons | 1 2 3 |  3.6
Throwing       | 1 2 3 |  3.6
Armour         | 1 2 3 |  3.6
Shields        | 1 2 3 |  3.6
Unarmed Combat | 1 2 3 |  3.6
Evocations     | 1 2 3 |  3.6
Hexes          | 1 2 3 |  3.0
Summonings     | 1 2 3 |  3.0
Necromancy     | 1 2 3 |  3.0
Translocations | 1 2 3 |  3.0
Transmutations | 1 2 3 |  3.0
Ice Magic      | 1 2 3 |  3.0
Air Magic      | 1 2 3 |  3.0
Earth Magic    | 1 2 3 |  3.0
Poison Magic   | 1 2 3 |  3.0
Dodging        | 5 |  5.9
Stealth        | 5 |  5.6
Fire Magic     | 6 |  6.3

Action                     |  1- 3 |  4- 6 |  7- 9 || total
---------------------------+-------+-------+-------++-------
  Melee: War axe           |     1 |       |       ||     1
         Spear             |       |     3 |     6 ||     9
   Cast: Foxfire           |   120 |    74 |    40 ||   234
         Scorch            |     1 |    21 |    53 ||    75
  Evoke: Wand              |       |     1 |     2 ||     3
    Use: Scroll            |       |     4 |     2 ||     6
         Potion            |       |       |     8 ||     8
 Armour: Robe              |     5 |     3 |     9 ||    17
  Dodge: Dodged            |    27 |    33 |    58 ||   118
